[Event "Titled Tuesday Blitz December 27 Late 2022"]
[White "Domingo Nunez, Ruben"]
[Black "Baskakov, Egor"]
[WhiteFideId "22245570"]
[BlackFideId "24197866"]
[WhiteElo "2416"]
[BlackElo "2215"]
[Result "0-1"]
[Round "06"]
[TimeControl "180+2"]
[Date "2022.12.27"]
[WhiteClock "0:00:06"]
[BlackClock "0:00:10"]

1. c4 Nf6 2. Nc3 e5 3. Nf3 Nc6 4. e4 Bc5 5. Nxe5 Nxe5 6. d4 Bd6 7. dxe5 Bxe5 8. Bd3 O-O 9. O-O c6 10. Bg5 h6 11. Bh4 Qb6 12. Rb1 Qc7 13. h3 Re8 14. Ne2 Nxe4 15. Bxe4 Bh2+ 16. Kh1 Rxe4 17. g3 Rxh4 18. gxh4 Be5 19. Qd3 d6 20. f4 Bf6 21. Rbd1 d5 22. c5 Bxb2 23. Nd4 Bd7 24. Rb1 Bxd4 25. Qxd4 Bf5 26. Rb3 Re8 27. Rg3 g6 28. h5 Re6 29. h4 Qe7 30. hxg6 Qxh4+ 31. Kg2 Re2+ 32. Rf2 Be4+ 33. Kf1 Qxg3 34. gxf7+ Kxf7 35. Kxe2 Qa3 36. f5 Qxa2+ 37. Ke3 Qa3+ 38. Kf4 Qh3 39. Qe3 Qh4+ 40. Ke5 Qf6+ 41. Kf4 Qg5+ 42. Ke5 Qxe3 0-1


[Site "https://www.chess.com"]

[Event "Titled Tuesday Blitz December 27 Late 2022"]
[White "Dzierzak, Radoslaw"]
[Black "Barp, Alberto"]
[WhiteFideId "1161407"]
[BlackFideId "872555"]
[WhiteElo "2220"]
[BlackElo "2432"]
[Result "0-1"]
[Round "06"]
[TimeControl "180+2"]
[Date "2022.12.27"]
[WhiteClock "0:00:01"]
[BlackClock "0:00:26"]

1. e4 e6 2. Nf3 d5 3. Nc3 Nf6 4. e5 Nfd7 5. Ne2 c5 6. c3 Nc6 7. d4 a6 8. a3 b5 9. b4 cxd4 10. cxd4 Nb6 11. Nf4 Nc4 12. Bd3 Qb6 13. Bb1 a5 14. bxa5 Qxa5+ 15. Kf1 Qc3 16. Ra2 Bxa3 17. Rc2 Qb4 18. Be3 Qf8 19. h4 Be7 20. h5 h6 21. Rh3 b4 22. Ra2 Ra3 23. Rxa3 bxa3 24. Qa4 Bd7 25. Ba2 Bd8 26. Bxc4 dxc4 27. Qxc4 Qb4 28. Qxb4 Nxb4 29. Nd2 Bb5+ 30. Kg1 a2 31. Nb3 Nc2 32. Bc1 Bg5 33. Bb2 Bxf4 34. Rc3 Kd7 35. Rxc2 Ra8 36. Na1 Bc6 37. g3 Bg5 38. f4 Be7 39. Rd2 Rb8 40. Kf2 Bb4 41. Rc2 Be4 42. Rc4 Be1+ 43. Kxe1 Rxb2 44. Ra4 Rb1+ 45. Kd2 Rxa1 46. Ke3 Bd5 0-1


[Site "https://www.chess.com"]

[Event "Titled Tuesday Blitz December 27 Late 2022"]
[White "Ezat, Mohamed"]
[Black "Oro, Faustino"]
[WhiteFideId "10600906"]
[BlackFideId "20000197"]
[WhiteElo "2402"]
[BlackElo "2269"]
[Result "1-0"]
[Round "06"]
[TimeControl "180+2"]
[Date "2022.12.27"]
[WhiteClock "0:00:47"]
[BlackClock "0:00:55"]

1. d4 Nf6 2. c4 e6 3. Nc3 Bb4 4. e3 O-O 5. a3 Bxc3+ 6. bxc3 d5 7. cxd5 exd5 8. Bd3 Re8 9. f3 Nbd7 10. Ne2 c5 11. O-O b6 12. Ng3 Qc7 13. Ra2 a5 14. Re2 Ba6 15. Bxa6 Rxa6 16. e4 dxe4 17. fxe4 cxd4 18. cxd4 Qc4 19. Rc2 Qb5 20. e5 Nd5 21. Nf5 Rf8 22. Qg4 g6 23. Nh6+ Kg7 24. Rcf2 f6 25. e6 Nb8 26. Nf5+ Kh8 27. Bh6 Rg8 28. Nd6 1-0


[Site "https://www.chess.com"]

[Event "Titled Tuesday Blitz December 27 Late 2022"]
[White "Fernandez Hernandez, Gerardo"]
[Black "Bach, Matthias"]
[WhiteFideId "2207400"]
[BlackFideId "4603168"]
[WhiteElo "2181"]
[BlackElo "2214"]
[Result "1-0"]
[Round "06"]
[TimeControl "180+2"]
[Date "2022.12.27"]
[WhiteClock "0:00:20"]
[BlackClock "0:00:01"]

1. e4 e5 2. Nf3 Nc6 3. Bc4 Nf6 4. Ng5 d5 5. exd5 b5 6. Bf1 Qxd5 7. Nc3 Qc5 8. Bxb5 Bd6 9. Qf3 Bb7 10. O-O O-O 11. Bd3 Rab8 12. Nce4 Nxe4 13. Qxe4 f5 14. Qh4 h6 15. Ne6 Qb6 16. Nxf8 Rxf8 17. Bc4+ Kh8 18. d3 Nd4 19. Bxh6 Ne2+ 20. Kh1 1-0


[Site "https://www.chess.com"]

[Event "Titled Tuesday Blitz December 27 Late 2022"]
[White "Finkelstein, Alan"]
[Black "Harish, Neeraj"]
[WhiteFideId "30950961"]
[BlackFideId "30958130"]
[WhiteElo "2152"]
[BlackElo "2232"]
[Result "1-0"]
[Round "06"]
[TimeControl "180+2"]
[Date "2022.12.27"]
[WhiteClock "0:01:15"]
[BlackClock "0:00:20"]

1. d4 Nf6 2. c4 g6 3. g3 Bg7 4. Bg2 d5 5. cxd5 Nxd5 6. e4 Nb6 7. Ne2 O-O 8. O-O Nc6 9. d5 Na5 10. Nbc3 c6 11. b3 cxd5 12. exd5 Bf5 13. Bd2 Rc8 14. Rc1 Nd7 15. Re1 b6 16. Nb5 a6 17. Nbd4 Bd3 18. Rxc8 Qxc8 19. Bxa5 Bxe2 20. Rxe2 bxa5 21. Nc6 Qb8 22. Nxb8 1-0


[Site "https://www.chess.com"]

[Event "Titled Tuesday Blitz December 27 Late 2022"]
[White "Fishbein, Alexander"]
[Black "Karas, Marek"]
[WhiteFideId "2000377"]
[BlackFideId "14928558"]
[WhiteElo "2366"]
[BlackElo "2227"]
[Result "1/2-1/2"]
[Round "06"]
[TimeControl "180+2"]
[Date "2022.12.27"]
[WhiteClock "0:00:08"]
[BlackClock "0:00:03"]

1. e4 e6 2. d4 d5 3. Nd2 a6 4. exd5 exd5 5. c4 Nf6 6. cxd5 Nxd5 7. Ngf3 Be7 8. Bc4 b5 9. Bb3 O-O 10. O-O Bb7 11. Ne4 Nd7 12. Re1 N7f6 13. Nc5 Bxc5 14. dxc5 Nb4 15. Ne5 Qxd1 16. Rxd1 Bd5 17. Bxd5 Nbxd5 18. Bg5 h6 19. Bh4 g5 20. Bg3 Rfe8 21. h3 Re6 22. Ng4 Nxg4 23. Rxd5 Nf6 24. Rd4 c6 25. f3 Nd5 26. Rd2 Rae8 27. Kf2 f5 28. Bd6 Kf7 29. h4 Kg6 30. hxg5 hxg5 31. Rh1 a5 32. b3 Nc3 33. Rc1 b4 34. a3 Re2+ 35. Rxe2 Rxe2+ 36. Kf1 Rb2 37. axb4 axb4 38. Re1 Rb1 39. Rxb1 Nxb1 40. Ke2 Kf7 41. Kd3 Na3 42. Bc7 Ke6 43. Ba5 Kd5 44. Bxb4 Nb5 45. Ke3 Nd4 46. Ba5 Nxb3 47. Bd8 g4 48. Kf4 gxf3 49. gxf3 Ke6 50. Bb6 Nd4 51. Ke3 Nb5 52. Kf4 Nd4 53. Ke3 Nc2+ 54. Kd3 Nb4+ 55. Kc4 Nd5 56. Kd4 Nf6 57. Bd8 Nd7 58. Bg5 Ne5 59. Ke3 Ng6 60. Bd8 Kd5 61. Bb6 f4+ 62. Ke2 Ne5 63. Bc7 Ng6 64. Bd6 Kd4 65. Kd2 Kc4 66. Ke2 Kd4 67. Kf2 Kd3 68. Kg2 Ke2 69. Bc7 Nh4+ 70. Kh3 Nxf3 71. Bxf4 Kd3 72. Bd6 Nd4 73. Kg4 Kc4 74. Kf4 Nb3 75. Kf5 Nxc5 76. Ke5 Nd3+ 77. Ke6 1/2-1/2


[Site "https://www.chess.com"]

[Event "Titled Tuesday Blitz December 27 Late 2022"]
[White "Gahan, M G"]
[Black "Bok, Benjamin"]
[WhiteFideId "5027373"]
[BlackFideId "1017063"]
[WhiteElo "2247"]
[BlackElo "2607"]
[Result "0-1"]
[Round "06"]
[TimeControl "180+2"]
[Date "2022.12.27"]
[WhiteClock "0:00:25"]
[BlackClock "0:00:43"]

1. e4 c5 2. c3 Nf6 3. e5 Nd5 4. d4 cxd4 5. cxd4 d6 6. Nf3 Nc6 7. Bc4 dxe5 8. dxe5 Ndb4 9. Qb3 e6 10. O-O Na5 11. Bb5+ Bd7 12. Qa4 Bxb5 13. Qxb5+ Nac6 14. Nc3 a6 15. Qe2 Qd3 16. Rd1 Qxe2 17. Nxe2 Bc5 18. Nf4 Nc2 19. Rb1 N2d4 20. Nxd4 Bxd4 21. Nd3 Nxe5 22. Bf4 Nc6 23. b4 O-O 24. b5 axb5 25. Rxb5 Rxa2 26. Rxb7 e5 27. Bg3 f6 28. Rc7 Nd8 29. Nb4 Rb2 30. Nc6 Nxc6 31. Rxc6 Ra8 32. Rf1 Ra3 33. Rc7 h5 34. Rd7 Kh7 35. Bh4 Kh6 36. Rd6 Rd3 37. Ra6 Kg6 38. Kh1 Kf5 39. h3 g5 40. Bg3 h4 41. Bh2 Rxf2 42. Raa1 Rxf1+ 43. Rxf1+ Ke6 44. Rb1 e4 45. Re1 f5 46. Bg1 Bxg1 47. Kxg1 Ke5 48. Rb1 Rd2 49. Rf1 e3 50. Rb1 Kf4 51. Rf1+ Ke4 52. Rb1 g4 53. Rb4+ Kd3 54. hxg4 Rd1+ 55. Kh2 e2 0-1


[Site "https://www.chess.com"]

[Event "Titled Tuesday Blitz December 27 Late 2022"]
[White "Garcia, Gabriel Gonzaga"]
[Black "Jones, Gawain C B"]
[WhiteFideId "2138956"]
[BlackFideId "409561"]
[WhiteElo "2091"]
[BlackElo "2618"]
[Result "0-1"]
[Round "06"]
[TimeControl "180+2"]
[Date "2022.12.27"]
[WhiteClock "0:01:06"]
[BlackClock "0:02:16"]

1. e4 c6 2. Nf3 d5 3. Nc3 dxe4 4. Nxe4 Nf6 5. Ng3 h5 6. h3 h4 7. Ne2 Bf5 8. Ned4 Bh7 9. Bc4 e5 10. Qe2 Be7 11. Qxe5 O-O 12. O-O Nbd7 13. Qf4 Nb6 14. Bb3 c5 15. Ne6 fxe6 16. Bxe6+ Kh8 17. Ng5 Ne4 18. Nf7+ Rxf7 19. Qxf7 Ng5 20. Qh5 Nxe6 21. d4 Nxd4 22. Be3 Nxc2 23. Rad1 Qe8 0-1


[Site "https://www.chess.com"]

[Event "Titled Tuesday Blitz December 27 Late 2022"]
[White "Gerbelli Neto, Eduardo"]
[Black "Tanenbaum, Zachary"]
[WhiteFideId "2103281"]
[BlackFideId "2060850"]
[WhiteElo "2114"]
[BlackElo "2261"]
[Result "1/2-1/2"]
[Round "06"]
[TimeControl "180+2"]
[Date "2022.12.27"]
[WhiteClock "0:00:38"]
[BlackClock "0:00:04"]

1. e4 e5 2. Nf3 Nc6 3. d4 exd4 4. Nxd4 Bc5 5. Be3 Qf6 6. Nb5 Bxe3 7. fxe3 Qh4+ 8. g3 Qxe4 9. Nxc7+ Kd8 10. Nxa8 Qxh1 11. Qg4 Qd5 12. Qxg7 Qe5 13. Qf8+ Qe8 14. Qxe8+ Kxe8 15. Nc7+ Kd8 16. Nd5 Nge7 17. Nbc3 Nxd5 18. Nxd5 d6 19. O-O-O Be6 20. Bg2 Bxd5 21. Bxd5 Ke7 22. Bxc6 bxc6 23. Kd2 h5 24. Kd3 h4 25. g4 h3 26. Rg1 Kf6 27. g5+ Kf5 28. Rf1+ Ke6 29. Rf6+ Ke7 30. Ke4 a5 31. Rh6 Rb8 32. b3 Rb5 33. Kf4 Rb4+ 34. c4 a4 35. Rh7 axb3 36. axb3 Ke6 37. Rh6+ Ke7 38. Rxh3 Rxb3 39. Ke4 Rb4 40. Kd3 Rb3+ 41. Kd4 c5+ 42. Kd5 Rd3+ 43. Kc6 Rc3 44. Rh7 Rxc4 45. g6 Kf6 46. g7 Rg4 47. h4 c4 48. Rh6+ Kxg7 49. Rxd6 c3 50. Rd1 Rxh4 51. Rc1 Rc4+ 52. Kd5 Rc8 53. Kd4 Kf6 54. Rxc3 Rd8+ 55. Ke4 Re8+ 56. Kf4 Re6 57. Rc5 Rd6 58. e4 Rd1 59. Rc6+ Ke7 60. Ke5 Ra1 61. Rc7+ Kf8 62. Kf6 Rf1+ 63. Ke5 Rf2 64. Kd6 Rd2+ 65. Ke5 Rf2 66. Kd6 Re2 67. Ke5 Rf2 1/2-1/2


[Site "https://www.chess.com"]

[Event "Titled Tuesday Blitz December 27 Late 2022"]
[White "Gorodetzky, David"]
[Black "Gubajdullin, Alexei"]
[WhiteFideId "2813416"]
[BlackFideId "4141202"]
[WhiteElo "2485"]
[BlackElo "2285"]
[Result "0-1"]
[Round "06"]
[TimeControl "180+2"]
[Date "2022.12.27"]
[WhiteClock "0:00:02"]
[BlackClock "0:00:20"]

1. d4 Nf6 2. c4 g6 3. Nc3 Bg7 4. e4 d6 5. Be2 O-O 6. Be3 Na6 7. Nf3 e5 8. O-O c6 9. Qc2 Ng4 10. Bg5 f6 11. Bd2 exd4 12. Nxd4 f5 13. Bxg4 fxg4 14. Be3 Nc5 15. Rad1 Qh4 16. Nde2 Be5 17. g3 Qe7 18. Bd4 Ne6 19. Bxe5 dxe5 20. Qd2 Rd8 21. Qe3 Ng5 22. Rxd8+ Qxd8 23. Rd1 Qf6 24. h4 Nh3+ 25. Kg2 Be6 26. b3 Rf8 27. Qxa7 g5 28. hxg5 Qxg5 29. Rf1 Nf4+ 30. gxf4 exf4 31. Nd4 f3+ 32. Kg1 g3 33. Nxe6 Qh4 0-1


[Site "https://www.chess.com"]

[Event "Titled Tuesday Blitz December 27 Late 2022"]
[White "Gurevich, Dmitry"]
[Black "Battlecruiser_Operational"]
[WhiteFideId "2000407"]
[WhiteElo "2393"]
[BlackElo "2417"]
[Result "0-1"]
[Round "06"]
[TimeControl "180+2"]
[Date "2022.12.27"]
[WhiteClock "0:00:15"]
[BlackClock "0:01:28"]

1. d4 d5 2. c4 c6 3. cxd5 cxd5 4. Bg5 Nf6 5. Bxf6 gxf6 6. e3 Nc6 7. Nc3 e6 8. g3 a6 9. Bg2 Bd6 10. Nge2 f5 11. O-O O-O 12. Rc1 Bd7 13. Qd3 Rc8 14. a3 b5 15. b4 Ne7 16. Rc2 Rc4 17. Nc1 a5 18. N3a2 Qc7 19. Rxc4 bxc4 20. Qc3 axb4 21. Nxb4 Ra8 22. Ne2 Qa5 23. Nc2 Ba4 24. Qxa5 Rxa5 25. Nb4 Bb3 26. Nc1 Rxa3 27. Nxb3 Bxb4 28. Na1 Ra2 29. Rc1 Bd2 30. Rd1 Bc3 0-1


[Site "https://www.chess.com"]

[Event "Titled Tuesday Blitz December 27 Late 2022"]
[White "Guseinov, Gadir"]
[Black "Rosen, Eric"]
[WhiteFideId "13401378"]
[BlackFideId "2032562"]
[WhiteElo "2661"]
[BlackElo "2349"]
[Result "1-0"]
[Round "06"]
[TimeControl "180+2"]
[Date "2022.12.27"]
[WhiteClock "0:02:27"]
[BlackClock "0:00:01"]

1. e4 c5 2. Nc3 e6 3. Nf3 Nc6 4. d4 cxd4 5. Nxd4 Qc7 6. Be3 a6 7. Qd2 Nf6 8. f4 Bb4 9. Bd3 Na5 10. a3 Bxc3 11. Qxc3 Qxc3+ 12. bxc3 d5 13. exd5 exd5 14. Nb3 Nc4 15. Bd4 Ne4 16. Nc5 Nxc5 17. Bxc5 f6 18. O-O-O Kf7 19. Rhe1 Re8 20. Rxe8 Kxe8 21. Re1+ Kd8 22. Bxh7 b6 23. Bf8 Ra7 24. Bg6 Bd7 25. Bxg7 Nxa3 26. Bxf6+ Kc8 27. h4 Nc4 28. h5 a5 29. h6 Bg4 30. h7 Rxh7 31. Bxh7 a4 32. Bd3 1-0


[Site "https://www.chess.com"]

[Event "Titled Tuesday Blitz December 27 Late 2022"]
[White "Hernandez Bonilla, Amelia"]
[Black "Zakarian, David"]
[WhiteFideId "3900193"]
[BlackFideId "13301276"]
[WhiteElo "1960"]
[BlackElo "2306"]
[Result "0-1"]
[Round "06"]
[TimeControl "180+2"]
[Date "2022.12.27"]
[WhiteClock "0:00:01"]
[BlackClock "0:00:56"]

1. d4 Nf6 2. Bf4 e6 3. e3 c5 4. Nf3 b6 5. Bd3 Bb7 6. Nbd2 d6 7. O-O Nbd7 8. Nc4 Qc7 9. a4 Nh5 10. Bg3 Nxg3 11. hxg3 Be7 12. c3 O-O 13. Qe2 Nf6 14. Ncd2 Rac8 15. e4 cxd4 16. cxd4 e5 17. dxe5 dxe5 18. Nc4 Bd6 19. Rad1 Rfd8 20. b3 a6 21. Nh4 Bc5 22. Nf5 Rxd3 23. Rxd3 Bxe4 24. Rf3 Bxf3 25. Qxf3 e4 26. Qe2 b5 27. axb5 axb5 28. Nd2 Qe5 29. Ne3 Bxe3 30. Qxe3 Rc3 31. Qb6 h6 32. Ra1 e3 33. Ra8+ Kh7 34. Nf3 Rc1+ 0-1


[Site "https://www.chess.com"]

[Event "Titled Tuesday Blitz December 27 Late 2022"]
[White "Hernandez Jimenez, Alexander Andres"]
[Black "Guevara Sanchez, Erick Marvin"]
[WhiteFideId "3900452"]
[BlackFideId "6700136"]
[WhiteElo "2134"]
[BlackElo "2073"]
[Result "0-1"]
[Round "06"]
[TimeControl "180+2"]
[Date "2022.12.27"]
[WhiteClock "0:00:07"]
[BlackClock "0:01:13"]

1. e4 c5 2. Nf3 Nc6 3. c3 e6 4. d4 d5 5. exd5 exd5 6. Bb5 cxd4 7. Nxd4 Qc7 8. O-O Be7 9. Re1 a6 10. Bd3 Nf6 11. Qe2 Nxd4 12. cxd4 Be6 13. Nc3 O-O 14. Bg5 h6 15. Bh4 Rfe8 16. Rac1 Qd7 17. Qf3 Rac8 18. Bg3 Bg4 19. Qf4 Nh5 20. Qe5 Bg5 21. Qxd5 Qxd5 22. Rxe8+ Rxe8 23. Nxd5 Bxc1 0-1


[Site "https://www.chess.com"]

[Event "Titled Tuesday Blitz December 27 Late 2022"]
[White "Hoffmann, Asa"]
[Black "Silvestre, Christian"]
[WhiteFideId "2001470"]
[BlackFideId "30956269"]
[WhiteElo "2185"]
[BlackElo "1942"]
[Result "0-1"]
[Round "06"]
[TimeControl "180+2"]
[Date "2022.12.27"]
[WhiteClock "0:00:01"]
[BlackClock "0:01:06"]

1. d4 c5 2. dxc5 Nf6 3. Nc3 g6 4. e4 Qa5 5. Bd3 Qxc5 6. Be3 Qa5 7. f3 Nc6 8. Ne2 d5 9. exd5 Nxd5 10. Bd2 Bg7 11. Bc4 Nxc3 12. Bxc3 Bxc3+ 13. Nxc3 O-O 14. Qe2 Bf5 15. O-O-O Rac8 16. g4 b5 17. Bxb5 Be6 18. Qe4 Nb4 19. a3 Na2+ 20. Nxa2 Qxb5 21. Nc3 Rxc3 22. bxc3 Qg5+ 23. Rd2 Rb8 24. c4 Qa5 25. Qd3 Bxc4 26. Qxc4 Qxa3+ 27. Kd1 Rb1+ 28. Ke2 Rxh1 29. Qf4 Qa6+ 30. Kf2 Qf1+ 31. Ke3 Qe1+ 0-1


[Site "https://www.chess.com"]

[Event "Titled Tuesday Blitz December 27 Late 2022"]
[White "Holt, Conrad"]
[Black "Pershin, Denis"]
[WhiteFideId "2034387"]
[BlackFideId "24165506"]
[WhiteElo "2540"]
[BlackElo "2366"]
[Result "1-0"]
[Round "06"]
[TimeControl "180+2"]
[Date "2022.12.27"]
[WhiteClock "0:00:52"]
[BlackClock "0:00:02"]

1. d4 Nf6 2. c4 e6 3. Nc3 d5 4. cxd5 exd5 5. Bg5 c6 6. e3 Bf5 7. Qf3 Bg6 8. Bxf6 Qxf6 9. Qxf6 gxf6 10. Nf3 a5 11. Nh4 Na6 12. Kd2 Nc7 13. Be2 Bd6 14. f4 Be4 15. Bg4 Rg8 16. Nxe4 dxe4 17. Bf5 Bb4+ 18. Ke2 Kf8 19. Bxe4 Re8 20. Kf3 Bd2 21. Rhd1 Bxe3 22. Kxe3 Rg4 23. Nf5 Nd5+ 24. Kd3 Nxf4+ 25. Kc4 Rxe4 26. g3 Nd5 27. Kc5 Rg5 28. Nd6 Re6 29. h4 Rh5 30. g4 Rxh4 31. Nxb7 Rxg4 32. Nxa5 Ne3 33. Rg1 h5 34. Nxc6 Rg5+ 35. Rxg5 fxg5 36. d5 Rf6 37. Re1 Nf5 38. a4 g4 39. a5 Nd6 40. a6 1-0


[Site "https://www.chess.com"]

[Event "Titled Tuesday Blitz December 27 Late 2022"]
[White "Ibadov, Dashgyn"]
[Black "Kleiman, Jake"]
[WhiteFideId "24107514"]
[BlackFideId "2020041"]
[WhiteElo "2391"]
[BlackElo "2399"]
[Result "1/2-1/2"]
[Round "06"]
[TimeControl "180+2"]
[Date "2022.12.27"]
[WhiteClock "0:02:14"]
[BlackClock "0:01:40"]

1. d4 Nf6 2. c4 e6 3. Nf3 Bb4+ 4. Nc3 c5 5. g3 Bxc3+ 6. bxc3 Qa5 7. Qd3 b6 8. Bg2 Bb7 9. O-O Qa6 10. d5 O-O 11. e4 exd5 12. e5 Ne4 13. Ng5 Nxg5 14. Bxg5 dxc4 15. Qe3 Bxg2 16. Bf6 gxf6 17. Qh6 fxe5 18. Qg5+ Kh8 19. Qf6+ Kg8 20. Qg5+ Kh8 21. Qf6+ Kg8 22. Qg5+ 1/2-1/2


[Site "https://www.chess.com"]

[Event "Titled Tuesday Blitz December 27 Late 2022"]
[White "Itkis, Boris"]
[Black "Floresvillar Gonzalez, Luis Migu"]
[WhiteFideId "1209167"]
[BlackFideId "5100542"]
[WhiteElo "2329"]
[BlackElo "2043"]
[Result "0-1"]
[Round "06"]
[TimeControl "180+2"]
[Date "2022.12.27"]
[WhiteClock "0:00:02"]
[BlackClock "0:00:05"]

1. c4 d5 2. cxd5 Nf6 3. d4 Nxd5 4. e4 Nf6 5. Nc3 g6 6. h3 Bg7 7. Nf3 O-O 8. Bg5 c5 9. d5 Qa5 10. Qd2 e6 11. Bxf6 Bxf6 12. e5 Bg7 13. d6 Bd7 14. Rd1 Nc6 15. Qe3 Rad8 16. Bc4 a6 17. O-O b5 18. Bb3 c4 19. Bc2 b4 20. Ne2 Nxe5 21. Bb1 Nxf3+ 22. Qxf3 Bxb2 23. Nd4 Qc5 24. Qf6 e5 25. Nf3 Be6 26. h4 Rxd6 27. Rxd6 Qxd6 28. h5 e4 29. Qxb2 exf3 30. Qf6 Rd8 31. h6 Qf8 32. Re1 Re8 33. Qg5 f6 34. Qh4 g5 35. Qh5 Bf7 36. Rxe8 Bxh5 37. Rxf8+ Kxf8 38. Bxh7 Kf7 39. gxf3 Bg6 40. Bxg6+ Kxg6 41. Kf1 Kxh6 42. Ke2 c3 0-1


[Site "https://www.chess.com"]

[Event "Titled Tuesday Blitz December 27 Late 2022"]
[White "Janaszak, Dawid"]
[Black "Avila Pavas, Santiago"]
[WhiteFideId "1119206"]
[BlackFideId "4437128"]
[WhiteElo "2316"]
[BlackElo "2522"]
[Result "0-1"]
[Round "06"]
[TimeControl "180+2"]
[Date "2022.12.27"]
[WhiteClock "0:00:33"]
[BlackClock "0:00:37"]

1. d4 Nf6 2. Nf3 e6 3. Bf4 d5 4. e3 Bd6 5. Nbd2 c5 6. Bb5+ Nc6 7. Bxc6+ bxc6 8. Bxd6 Qxd6 9. c3 cxd4 10. exd4 Ba6 11. Nb3 Nd7 12. Nc1 c5 13. Ne2 Rb8 14. Rb1 cxd4 15. Nfxd4 Nc5 16. O-O Bd3 17. b4 Bxb1 18. bxc5 Qxc5 19. Nb3 Qc4 20. Nd2 Qxa2 21. Nxb1 O-O 22. Nf4 Rb3 23. Nd3 Rfb8 24. Nd2 Rxc3 25. Nf3 Qb3 26. Qxb3 Rcxb3 27. Nc5 Rb1 28. g4 a5 29. Nd2 Rxf1+ 30. Kxf1 Rb5 31. Na4 Rb4 32. Nc3 a4 33. Ndb1 Rb3 34. Ke1 a3 35. Kd2 a2 0-1


[Site "https://www.chess.com"]

[Event "Titled Tuesday Blitz December 27 Late 2022"]
[White "Jaracz, Pawel"]
[Black "Wu, Brandon"]
[WhiteFideId "1102222"]
[BlackFideId "30909228"]
[WhiteElo "2467"]
[BlackElo "2123"]
[Result "1-0"]
[Round "06"]
[TimeControl "180+2"]
[Date "2022.12.27"]
[WhiteClock "0:00:24"]
[BlackClock "0:00:57"]

1. e4 c6 2. d4 d5 3. e5 c5 4. dxc5 Nc6 5. f4 e6 6. Be3 d4 7. Bf2 Bxc5 8. Bd3 h5 9. Nf3 Nh6 10. h3 Nf5 11. O-O Ne3 12. Bxe3 dxe3 13. Qe2 Bd7 14. Nc3 Qe7 15. Ne4 O-O-O 16. c3 f6 17. b4 Bb6 18. a4 Bc7 19. a5 fxe5 20. b5 exf4 21. bxc6 Bxc6 22. Nd4 Bd5 23. Nb5 Be5 24. Nxa7+ Kb8 25. Nb5 Bxe4 26. Bxe4 Rd2 27. Qf3 g5 28. a6 g4 29. axb7 1-0


[Site "https://www.chess.com"]

[Event "Titled Tuesday Blitz December 27 Late 2022"]
[White "Jenkins, Drake"]
[Black "Bogaudinov, Rushan"]
[WhiteFideId "2022397"]
[BlackFideId "4129288"]
[WhiteElo "2130"]
[BlackElo "1939"]
[Result "0-1"]
[Round "06"]
[TimeControl "180+2"]
[Date "2022.12.27"]
[WhiteClock "0:00:02"]
[BlackClock "0:00:17"]

1. Nf3 d5 2. c4 e6 3. g3 Nf6 4. Bg2 dxc4 5. Qa4+ Nbd7 6. Qxc4 Be7 7. O-O O-O 8. d4 a5 9. Rd1 a4 10. Nc3 Nb6 11. Qd3 a3 12. bxa3 Bxa3 13. e4 Bxc1 14. Rdxc1 Ra3 15. Qc2 Bd7 16. Qb2 Ra5 17. Ne5 Ba4 18. Qb4 Ra8 19. Nb5 Bxb5 20. Qxb5 c6 21. Qd3 Ra5 22. Nc4 Nxc4 23. Qxc4 Qe7 24. Rcb1 Rfa8 25. Rb2 Ra4 26. Qc3 h5 27. h3 Rd8 28. Rab1 Rd7 29. e5 Nd5 30. Qf3 g6 31. Rd2 Qa3 32. Qd1 Nc3 0-1


[Site "https://www.chess.com"]

[Event "Titled Tuesday Blitz December 27 Late 2022"]
[White "Kaganskiy, Gleb"]
[Black "Defend, Balint"]
[WhiteFideId "4132025"]
[BlackFideId "17004853"]
[WhiteElo "2205"]
[BlackElo "1673"]
[Result "0-1"]
[Round "06"]
[TimeControl "180+2"]
[Date "2022.12.27"]
[WhiteClock "0:00:16"]
[BlackClock "0:01:19"]

1. e4 c6 2. d4 d5 3. Nd2 dxe4 4. Nxe4 Nf6 5. Nxf6+ exf6 6. c3 Bd6 7. Bd3 h5 8. Ne2 h4 9. h3 O-O 10. Qc2 Re8 11. Be3 g6 12. Bxg6 fxg6 13. Qxg6+ Kf8 14. Bh6+ Ke7 15. Qg7+ Ke6 16. d5+ Kxd5 17. O-O-O+ Kc5 18. Be3+ Kb5 19. a4+ Ka6 20. Qg6 b5 21. axb5+ cxb5 22. Bc5 Re6 23. Bxd6 Rxd6 24. Rxd6+ Qxd6 25. Rd1 Qb6 26. Kc2 Nc6 27. Ra1+ Kb7 28. Qf7+ Qc7 29. Qxf6 Bd7 30. Rd1 Re8 31. Nf4 Re5 32. Rd5 Nb4+ 33. Kb3 Nxd5 34. Nxd5 Rxd5 0-1


[Site "https://www.chess.com"]

[Event "Titled Tuesday Blitz December 27 Late 2022"]
[White "Kamsky, Gata"]
[Black "Firouzja, Alireza"]
[WhiteFideId "2000024"]
[BlackFideId "12573981"]
[WhiteElo "2665"]
[BlackElo "2785"]
[Result "1-0"]
[Round "06"]
[TimeControl "180+2"]
[Date "2022.12.27"]
[WhiteClock "0:00:15"]
[BlackClock "0:00:02"]

1. d4 Nf6 2. Bf4 g6 3. c3 Bg7 4. Nf3 O-O 5. Nbd2 d6 6. e4 Nc6 7. h3 Nh5 8. Bg5 h6 9. Be3 e5 10. dxe5 dxe5 11. Bc5 Re8 12. Nc4 Qf6 13. Ne3 Be6 14. Qc2 Rad8 15. Ng4 Bxg4 16. hxg4 Nf4 17. Be3 Ne7 18. Nd2 g5 19. g3 Ne6 20. Be2 Nd4 21. Qd1 b5 22. O-O a6 23. a4 c6 24. axb5 axb5 25. Bd3 Qe6 26. Bb1 Ra8 27. Rxa8 Rxa8 28. Re1 c5 29. Nf1 Nb3 30. Bc2 c4 31. Bxb3 cxb3 32. Nd2 Nc6 33. Qxb3 Qxg4 34. Qxb5 Rc8 35. Qe2 Qe6 36. Kg2 Ne7 37. Ra1 Ng6 38. Ra6 Qd7 39. Ra7 Qe6 40. Qa6 Rc6 41. Qb7 Nf4+ 42. Bxf4 exf4 43. Qd7 fxg3 44. Qxe6 Rxe6 45. fxg3 Rd6 46. Nc4 Rc6 47. Ne3 Rb6 48. Ra2 Bf8 49. Kf3 Kh7 50. Nc4 Rf6+ 51. Ke2 Bc5 52. Ra5 Bg1 53. Rf5 Rc6 54. Ne5 Re6 55. Rxf7+ Kg8 56. Rf5 Bb6 57. Kf3 Bc7 58. Nc4 Kg7 59. g4 Rc6 60. Ne3 Bf4 61. Nd5 Bc1 62. b4 Bd2 63. Re5 Bxc3 64. Re7+ Kf8 65. b5 Rc5 66. Rc7 Rxc7 67. Nxc7 Be5 68. b6 Ke7 69. Na6 Kd7 70. b7 Kc6 71. b8=Q Bxb8 72. Nxb8+ 1-0


[Site "https://www.chess.com"]

[Event "Titled Tuesday Blitz December 27 Late 2022"]
[White "Karacsonyi, Gellert"]
[Black "Kravtsiv, Martyn"]
[WhiteFideId "764620"]
[BlackFideId "14113147"]
[WhiteElo "2385"]
[BlackElo "2598"]
[Result "1-0"]
[Round "06"]
[TimeControl "180+2"]
[Date "2022.12.27"]
[WhiteClock "0:00:07"]
[BlackClock "0:00:04"]

1. e4 e5 2. Nf3 Nc6 3. Bb5 a6 4. Bxc6 dxc6 5. O-O Bg4 6. h3 h5 7. d3 Qf6 8. Nbd2 Ne7 9. Re1 Ng6 10. d4 Bd6 11. hxg4 hxg4 12. Nh2 Rxh2 13. Qxg4 Rh4 14. Qf5 Rf4 15. Qxf6 Rxf6 16. Nf3 Rxf3 17. gxf3 exd4 18. e5 Be7 19. Kg2 Kd7 20. f4 Ke6 21. Bd2 c5 22. Rh1 Nh4+ 23. Kg3 Nf5+ 24. Kf3 c4 25. Rh5 b5 26. Rg1 g6 27. Rh7 b4 28. c3 dxc3 29. bxc3 Rd8 30. Ke2 b3 31. axb3 cxb3 32. Rb1 Rb8 33. c4 b2 34. Rh3 Bc5 35. Bc3 Bd4 36. Bxd4 Nxd4+ 37. Kd3 c5 38. Kd2 Kf5 39. Ra3 Kxf4 40. Rxa6 Kxe5 41. Ra2 Rb4 42. Raxb2 Rxc4 43. Ra2 Ne6 44. Re1+ Kf5 45. Ra7 f6 46. Rc1 Rd4+ 47. Ke3 Rd5 48. Ra5 g5 49. Kf3 g4+ 50. Kg2 Kg5 51. Rc4 f5 52. Ra8 Nf4+ 53. Kh2 Nd3 54. Rg8+ Kf6 55. Kg2 Ne1+ 56. Kf1 Nf3 57. Rc1 c4 58. Rc8 Ne5 59. Kg2 Rd4 60. Rc5 Re4 61. Rd1 Kg5 62. Rc8 Nd3 63. Rd2 Kf4 64. Kf1 Re1+ 65. Kg2 Re4 66. Rd1 Ne5 67. Rc1 Rd4 68. Rc5 Re4 69. Rc2 Nd3 70. R5xc4 Ne1+ 71. Kf1 Nxc2 72. Rxc2 Rd4 73. Rc3 Ke4 74. Kg2 f4 75. Rc8 Rd1 76. Re8+ Kf5 77. Rf8+ Ke5 78. Re8+ Kf6 79. Rf8+ Kg5 80. Rg8+ Kf5 81. Rf8+ Ke4 82. Re8+ Kd3 83. Rf8 f3+ 84. Kg3 Rg1+ 85. Kf4 Ke2 86. Ra8 Kxf2 87. Ra2+ Ke1 88. Ke3 1-0


[Site "https://www.chess.com"]